 Dungeon Crawl Stone Soup version 0.30.0-29-ga12c61a403 (webtiles) character file.

Game seed: 12225350838170105546

67 BONEBRO the Poker (level 4, -2/30 HPs)
             Began as a Merfolk Summoner on June 25, 2023.
             Slain by a scorpion (6 damage)
             ... on level 4 of the Dungeon.
             The game lasted 00:08:23 (2442 turns).

BONEBRO the Poker (Merfolk Summoner)                Turns: 2442, Time: 00:08:23

Health: -2/30      AC:  2    Str: 10    XL:     4   Next: 16%
Magic:  7/7        EV: 12    Int: 14    God:
Gold:   112        SH:  0    Dex: 14    Spells: 6/7 levels left

rFire   . . .        f - +0 spear
rCold   . . .        (no shield)
rNeg    . . .        a - +0 robe
rPois   .            (no helmet)
rElec   .            i - scarf {+Inv}
rCorr   +            (no gloves)
SInv    .            (no boots)
Will    .....        (no amulet)
Stlth   ++           m - ring of resist corrosion
HPRegen 0.25/turn    (no ring)
MPRegen 0.10/turn

%: no passive effects
@: weak-willed
A: (nimble swimmer 2), mertail
a: Evoke Invisibility


You were on level 4 of the Dungeon.
You visited 1 branch of the dungeon, and saw 4 of its levels.

You collected 136 gold pieces.
You spent 24 gold pieces at shops.

Inventory:

Hand Weapons
 f - a +0 spear (weapon)
Missiles
 k - 6 javelins
Armour
 a - a +0 robe (worn)
 i - a scarf of invisibility (worn)
Jewellery
 m - a ring of resist corrosion (left hand)
Scrolls
 d - a scroll of torment {unknown}
 g - 3 scrolls of identify
 j - 2 scrolls of fog {unknown}
 p - 3 scrolls of vulnerability
 r - a scroll of magic mapping {unknown}
 s - a scroll of teleportation {unknown}
 u - a scroll of fear {unknown}
Potions
 b - a potion of magic
 e - a potion of curing {unknown}
 h - a potion of ambrosia {unknown}
 l - a potion of haste {unknown}
 n - 2 potions of invisibility {unknown}
 o - a potion of mutation {unknown}
 t - a potion of attraction {unknown}


   Skills:
 + Level 4.9 Polearms
 - Level 2.6 Dodging
 - Level 2.1 Stealth
 - Level 2.0 Spellcasting
 - Level 4.0 Summonings


You had 6 spell levels left.
You knew the following spells:

 Your Spells              Type           Power      Damage    Failure   Level
a - Summon Small Mammal   Summ           48%        N/A       4%          1

Your spell library contained the following spells:

 Spells                   Type           Power      Damage    Failure   Level
 Call Imp                 Summ           24%        N/A       7%          2
 Call Canine Familiar     Summ           12%        N/A       14%         3
 Summon Guardian Golem    Hex/Summ       7%         N/A       30%         3
 Blink                    Tloc           2%         N/A       34%         2
 Ensorcelled Hibernation  Hex/Ice        2%         N/A       34%         2
 Lesser Beckoning         Tloc           2%         N/A       34%         2
 Momentum Strike          Conj/Tloc      2%         3d8       34%         2
 Passwall                 Tmut/Erth      0%         N/A       34%         2
 Swiftness                Air            1%         N/A       56%         3
 Summon Lightning Spire   Summ/Air       7%         N/A       71%         4
 Blade Hands              Tmut           0%         N/A       100%        5
 Silence                  Hex/Air        0%         N/A       100%        5
 Plasma Beam              Fire/Air       0%         2x1d11    100%        6


Dungeon Overview and Level Annotations

Branches:
Dungeon (4/15)
 Temple: D:4-7

Altars:

Shops:
D:1 ?

Annotations:
D:3 Robin, Sigmund


Innate Abilities, Weirdness & Mutations

((You are very nimble when in or above water. (Stealth+, EV+, Speed+++)))
Your lower body shifts to a powerful aquatic tail in water.


Message History

You see here a +0 club.
You feel less confused.
You see here a +0 club.
A puff of flame appears from out of thin air!
The puff of flame hits you!
* * * LOW HITPOINT WARNING * * *
Something tries to affect you, but you resist.
A magic dart appears from out of thin air!
The magic dart hits you.
* * * LOW HITPOINT WARNING * * *
There is a stone staircase leading down here.
You climb downwards.
Reactivating autopickup.
There is a stone staircase leading up here.
A scorpion is nearby!
Found a ruby potion.
The scorpion attacks as you move away! The scorpion stings you.
The scorpion stings you.
* * * LOW HITPOINT WARNING * * *
The scorpion attacks as you move away! The scorpion barely misses you.
The scorpion stings you.
* * * LOW HITPOINT WARNING * * *
A ball python comes into view.
As you read the scroll labelled BAIMICLUZUX, it crumbles to dust.
The ball python hisses angrily.
Magic quickly surges around you.
It was a scroll of vulnerability.
The scorpion closely misses you.
Unknown command.
The scorpion attacks as you move away! The scorpion barely misses you.
The ball python attacks as you move away!
The ball python bites you.
* * * LOW HITPOINT WARNING * * *
The scorpion closely misses you.
As you read the scroll labelled SORIREC GOLO, it crumbles to dust.
You hear a loud clanging noise!
It was a scroll of noise.
You hear a shout!
The scorpion barely misses you. The scorpion attacks as you move away!
The scorpion stings you.
You die...

### #.# #.### #...
################.###
...................#
################S#.#
#s# #@# #.# #.# #..
.. ### . ## # #


You could see a scorpion (weak-willed) and a ball python (weak-willed).

Vanquished Creatures
  2 adders
  2 orcs
  An endoplasm (D:1)
  A giant cockroach (D:2)
  2 hobgoblins (D:1)
  A jackal (D:1)
  4 kobolds
  A quokka (D:1)
  2 ball pythons (D:1)
  3 frilled lizards
  5 goblins (D:3)
  2 rats
26 creatures vanquished.

Vanquished Creatures (collateral kills)
  2 endoplasms (D:1)
  2 goblins
  3 hobgoblins (D:1)
  2 jackals (D:1)
  A quokka (D:1)
  A ball python (D:1)
  A bat (D:3)
  6 frilled lizards (D:1)
  A kobold (D:3)
  A rat (D:2)
20 creatures vanquished.

Grand Total: 46 creatures vanquished

Notes
Turn   | Place    | Note
-------+----------+-------------------------------------------
     0 | D:1      | BONEBRO the Merfolk Summoner began the quest for the Orb.
     0 | D:1      | Reached XP level 1. HP: 13/13 MP: 3/3
   125 | D:1      | Reached skill level 1 in Polearms
   153 | D:1      | Reached XP level 2. HP: 6/19 MP: 1/5
   612 | D:1      | Reached XP level 3. HP: 22/24 MP: 3/6
   970 | D:1      | Found Kyud's Magic Scroll Emporium.
   973 | D:1      | Bought a scroll of identify for 24 gold pieces
  1309 | D:2      | Got Cius Biph's Octavo of the Body and Thunder
  1647 | D:2      | Found a faded altar of an unknown god.
  2010 | D:3      | Reached XP level 4. HP: 30/30 MP: 4/7
  2163 | D:3      | Noticed Robin
  2321 | D:3      | Noticed Sigmund
  2400 | D:4      | Noticed a scorpion
  2442 | D:4      | Slain by a scorpion

Illustrated notes

Levels and vault maps discovered:
D:1:      dpeg_arrival_rooms_b, layout_basic, serial_shops,
          nicolae_shop_real_fake_doors, roderic_lattice_a, minmay_lizard_pond
D:2:      layout_loops_ring, hellmonk_ecumenical_altar_run_dry
D:3:      layout_basic, lemuel_coloured_pillars_altar,
          biasface_ghost_orc_armoury, uniq_robin, uniq_sigmund
D:4:      layout_basic, minmay_temple_entry_stoned_glass,
          guppyfry_early_lair_pool

Skill      XL: |  1  2  3 |
---------------+----------+-----
Polearms       | 2 3 4 |  4.9
Dodging        | |  2.6
Stealth        | |  2.1
Spellcasting   | |  2.0
Summonings     | |  4.0

Action                     |  1- 3 |  4- 6 || total
---------------------------+-------+-------++-------
  Melee: Unarmed           |    41 |       ||    41
         Punch             |     1 |       ||     1
         Spear             |    66 |    21 ||    87
   Cast: Summon Small Mamm |    50 |     7 ||    57
    Use: Potion            |     1 |     1 ||     2
         Scroll            |       |     2 ||     2
 Armour: Robe              |    11 |       ||    11
  Dodge: Dodged            |    48 |    17 ||    65
